 Dungeon Crawl Stone Soup version 0.27.1-4-g1640c2035a (webtiles) character file.

Game seed: 9294086831213575383

1855 Almogavar the Covert (level 9, 0/50 HPs)
             Began as a Kobold Conjurer on Nov 12, 2021.
             Was an Initiate of Nemelex Xobeh.
             Slain by a howler monkey (5 damage)
             ... on level 7 of the Dungeon.
             The game lasted 00:20:58 (7156 turns).

Almogavar the Covert (Kobold Conjurer)              Turns: 7156, Time: 00:20:58

Health: 0/50       AC:  4    Str: 10    XL:     9   Next: 34%
Magic:  11/16      EV: 16    Int: 23    God:    Nemelex Xobeh [......]
Gold:   430        SH:  0    Dex: 13    Spells: 11/18 levels left

rFire    . . .     SeeInvis .   o - +2 short sword (speed)
rCold    + . .     Faith    .   (shield restricted)
rNeg     . . .     Spirit   .   a - +0 robe
rPois    .         Reflect  .   b - +0 helmet
rElec    .         Harm     .   (no cloak)
rCorr    .         Rampage  .   i - +0 pair of gloves
Will     .....                  (no boots)
Stlth    +++++.....             (no amulet)
HPRegen  0.16/turn              g - ring of protection from cold
MPRegen  0.15/turn              p - +6 ring of strength

@: no status effects
A: small, no large weapons, nightstalker 3
a: Renounce Religion, Draw Escape, Draw Destruction, Draw Summoning


You were on level 7 of the Dungeon.
You worshipped Nemelex Xobeh.
Nemelex Xobeh was noncommittal.
You visited 1 branch of the dungeon, and saw 7 of its levels.

You collected 430 gold pieces.

Inventory:

Hand Weapons
 o - a +2 short sword of speed (weapon)
Armour
 a - a +0 robe (worn)
 b - a +0 helmet (worn)
 i - a +0 pair of gloves (worn)
 n - a +0 leather armour
Magical Staves
 f - a staff of poison
Jewellery
 g - a ring of protection from cold (left hand)
 p - a +6 ring of strength (right hand)
Scrolls
 h - a scroll of magic mapping {unknown}
 j - 2 scrolls of silence {unknown}
 k - a scroll of fear {unknown}
 l - 3 scrolls of amnesia {unknown}
 m - 3 scrolls of teleportation
 q - a scroll of torment {unknown}
 s - a scroll of immolation {unknown}
Potions
 c - 4 potions of curing
 d - a potion of flight
 e - a potion of brilliance
 r - a potion of might {unknown}
 t - a potion of lignification {unknown}
 u - a potion of invisibility {unknown}


   Skills:
 + Level 3.1 Fighting
 + Level 5.5 Short Blades
 + Level 5.0 Dodging
 + Level 9.1 Stealth
 + Level 5.1 Spellcasting
 + Level 6.7 Conjurations


You had 11 spell levels left.
You knew the following spells:

 Your Spells              Type           Power      Damage    Failure   Level
a - Magic Dart            Conj           100%       1d8       1%          1
b - Searing Ray           Conj           74%        3d6       1%          2
c - Iskenderun's Mystic   Conj/Tloc      21%        2d6       22%         4

Your spell library contained the following spells:

 Spells                   Type           Power      Damage    Failure   Level
 Dazzling Flash           Conj/Hex       42%        N/A       7%          3
 Corona                   Hex            5%         N/A       10%         1
 Ensorcelled Hibernation  Hex/Ice        10%        N/A       14%         2
 Fulminant Prism          Conj/Hex       10%        3d9       22%         4
 Gell's Gravitas          Tloc           2%         N/A       28%         3
 Lesser Beckoning         Tloc           2%         N/A       28%         3
 Teleport Other           Tloc           5%         N/A       28%         3
 Tukima's Dance           Hex            5%         N/A       28%         3


Dungeon Overview and Level Annotations

Branches:
Dungeon (7/15)
 Temple: D:4-7

Altars:
Elyvilon
Hepliaklqana
Nemelex Xobeh

Shops:
D:4 (


Innate Abilities, Weirdness & Mutations

You are small and have problems with some larger weapons.
You are completely attuned to the shadows.


Message History

Okay, then.
Okay, then.
(D) Dungeon
Where to? (Enter - D:6, ? - help)
What level of the Dungeon? (default 1, ? - help)
There is a stone staircase leading down here.
You climb downwards.
Found 22 gold pieces.
Found a stone staircase leading up.
There is a stone staircase leading up here.
You now have 418 gold pieces (gained 22).
Found 12 gold pieces.
You now have 430 gold pieces (gained 12).
Found a leather armour.
Found a leather armour.
A cyclops comes into view.
Found a stone staircase leading down.
Casting: Searing Ray (safe; 1% risk of failure)
Confirm with . or Enter, or press ? or * to list all spells.
Aiming: Searing Ray (safe; 1% risk of failure)
Press: ? - help, Shift-Dir - straight line, f - cyclops
Aim: a cyclops, quivering large rocks (asleep, 100% to hit)
The searing ray hits the cyclops!
The cyclops is lightly wounded. (Press . to maintain the ray.)
You hear a howl!
The cyclops throws a large rock.
The large rock hits you!
The searing ray hits the cyclops!
The cyclops is moderately wounded.
A howler monkey comes into view.
The searing ray hits the cyclops!
The cyclops is heavily wounded.
The searing ray hits the cyclops!
The cyclops is heavily wounded.
You finish channeling your searing ray.
The cyclops throws a large rock.
The large rock hits you!!
Ouch! That really hurt!
* * * LOW HITPOINT WARNING * * *
The howler monkey hits you.
You die...
Your body disappears without a glow.

..>...# ......##
.C.....# .......#
[[.h..# .##.@## #.
#..# #.##
##.######### #..
#.........# #.###.
#########.###.<...
#......<..
##########


You could see a cyclops and a howler monkey.

Vanquished Creatures
  A wyvern (D:5)
  A black bear (D:5)
  2 ogres (D:4)
  2 necrophages (D:5)
  A phantom (D:5)
  A kobold brigand (D:6)
  2 bullfrogs
  4 scorpions
  A bullfrog zombie (D:5)
  2 hounds
  2 jellies
  3 orc priests (D:6)
  A centaur skeleton (D:6)
  A bullfrog skeleton (D:6)
  2 iguanas
  3 orc wizards
  2 hound skeletons (D:5)
  11 gnolls
  10 adders
  A white imp (D:6)
  A worm (D:2)
  3 dart slugs
  21 orcs
  8 ball pythons
  A bat (D:2)
  7 endoplasms
  2 giant cockroaches
  5 goblins
  8 hobgoblins
  5 jackals (D:1)
  A quokka (D:4)
  3 frilled lizards
  12 kobolds
  6 rats
136 creatures vanquished.

Notes
Turn   | Place    | Note
-------+----------+-------------------------------------------
     0 | D:1      | Almogavar the Kobold Conjurer began the quest for the Orb.
     0 | D:1      | Reached XP level 1. HP: 10/10 MP: 3/3
   228 | D:1      | Reached XP level 2. HP: 14/15 MP: 0/5
   236 | D:1      | Learned a level 2 spell: Searing Ray
   337 | D:1      | Found a faded altar of an unknown god.
   570 | D:1      | Reached skill level 3 in Stealth
   761 | D:1      | Reached XP level 3. HP: 19/19 MP: 3/6
  1186 | D:2      | Noticed a scorpion
  1193 | D:2      | Killed a scorpion
  1194 | D:2      | Reached skill level 5 in Conjurations
  1194 | D:2      | Reached XP level 4. HP: 8/24 MP: 2/8
  1558 | D:2      | Reached XP level 5. HP: 28/28 MP: 1/9
  1906 | D:2      | Reached skill level 4 in Stealth
  1938 | D:2      | Reached skill level 1 in Short Blades
  2775 | D:3      | Reached XP level 6. HP: 33/33 MP: 5/10
  3199 | D:3      | Found a white marble altar of Elyvilon.
  3283 | D:3      | Found a hazy altar of Hepliaklqana.
  4179 | D:4      | Noticed an ogre
  4182 | D:4      | Killed an ogre
  4183 | D:4      | Reached skill level 5 in Stealth
  4189 | D:4      | Reached skill level 1 in Fighting
  4189 | D:4      | Reached XP level 7. HP: 30/38 MP: 3/12
  4448 | D:4      | Found Kyiclus's Weapon Shop.
  4539 | D:4      | Reached skill level 6 in Stealth
  5026 | D:5      | Entered Level 5 of the Dungeon
  5033 | D:5      | Noticed a wyvern
  5097 | D:5      | Reached XP level 8. HP: 44/44 MP: 6/13
  5156 | D:5      | Killed a wyvern
  5221 | D:5      | Reached skill level 7 in Stealth
  5453 | D:5      | Reached skill level 8 in Stealth
  5754 | D:5      | Found a sparkling altar of Nemelex Xobeh.
  5759 | D:5      | Became a worshipper of Nemelex Xobeh the Trickster
  5926 | D:5      | Reached XP level 9. HP: 49/49 MP: 14/16
  6172 | D:6      | Reached skill level 5 in Short Blades
  6381 | D:6      | Reached skill level 5 in Spellcasting
  6500 | D:6      | Learned a level 4 spell: Iskenderun's Mystic Blast
  6744 | D:6      | Reached skill level 5 in Dodging
  6786 | D:6      | Reached skill level 9 in Stealth
  7151 | D:7      | Noticed a cyclops
  7156 | D:7      | Slain by a howler monkey

Illustrated notes

Levels and vault maps discovered:
D:1:      dpeg_arrival_lava_altar, layout_basic,
          chequers_ecumenical_altar_simple_redux
D:2:      layout_loops_ring, grunt_ministairs_2, fountainhead,
          minmay_misc_feat_nine_boxes
D:3:      layout_basic, mainiacjoe_overflow_divided_tiny, serial_bayou_pond_d
D:4:      layout_loops_ring, serial_shops, shop, minmay_increasing_density
D:5:      layout_basic, lemuel_round_altar
D:6:      layout_rooms
D:7:      layout_loops_ring, general_overflow_altar,
          minmay_temple_entry_butterflies, serial_shops, nicolae_stop_n_shop_1,
          st_stairs_5, uniq_joseph

Skill      XL: |  1  2  3  4  5  6  7  8  9 |
---------------+----------------------------+-----
Stealth        | 3 4 5 6 8 9 |  9.1
Conjurations   | 5 6 |  6.7
Short Blades   | 1 2 3 4 5 |  5.5
Dodging        | 3 4 5 |  5.0
Spellcasting   | 3 4 5 |  5.1
Fighting       | 1 2 3 |  3.1

Action                   |  1- 3 |  4- 6 |  7- 9 || total
-------------------------+-------+-------+-------++-------
Melee: Rapier            |    15 |    25 |       ||    40
       Short sword       |       |     9 |    31 ||    40
 Cast: Magic Dart        |    22 |    27 |     3 ||    52
       Searing Ray       |     4 |    22 |    40 ||    66
  Use: Potion            |     1 |       |       ||     1
       Scroll            |       |     1 |     5 ||     6
 Stab: Sleeping          |     3 |     6 |    12 ||    21
Armor: Robe              |     1 |     7 |     2 ||    10
Dodge: Dodged            |    17 |    28 |    29 ||    74
